HSSL
FORT WORTH HS TURKEYS @ H.H. DOW HS CHARGERS
05/13/2026
 
TOP OF THE 1ST
Fort Worth HS Turkeys batting - Pitching for H.H. Dow HS Chargers : RHP Steve Childers
Pitching: RHP Steve Childers
Batting: LHB Fernando García 0-0: Ball
1-0: Foul Ball, location: 2F
1-1: Foul Ball, location: 2F
1-2: Ground out 4-3 (Groundball, 34)
Batting: LHB Will O'Dell 0-0: Foul Ball, location: 2F
0-1: SINGLE (Line Drive, 56D)
Batting: RHB Jon Hartley 0-0: Ball
1-0: Called Strike
1-1: Ball
2-1: Foul Ball, location: 2F
2-2: Foul Ball, location: 2F
2-2: Strikes out looking
Throwing error on steal attempt, E2
Will O'Dell to third
Batting: LHB Johnny Foley 0-0: Called Strike
0-1: Foul Ball, location: 2F
0-2: Strikes out swinging
Top of the 1st over - 0 run(s), 1 hit(s), 1 error(s), 1 left on base; Fort Worth HS 0 - H.H. Dow HS 0
BOTTOM OF THE 1ST
H.H. Dow HS Chargers batting - Pitching for Fort Worth HS Turkeys : RHP Hubert Chilcott
Pitching: RHP Hubert Chilcott
Batting: RHB Mario Ramírez 0-0: Foul Ball, location: 2F
0-1: Ball
1-1: Ground out 1-3 (Groundball, 23)
Batting: LHB Steven Gregory 0-0: Swinging Strike
0-1: Called Strike
0-2: TRIPLE (Flyball, 8RM)
Batting: LHB T.J. Richardson 0-0: SINGLE (Line Drive, 89S)
Steven Gregory scores
Batting: RHB Joe Wiggs 0-0: Called Strike
Throwing error on steal attempt, E2
T.J. Richardson to third
0-1: Called Strike
0-2: Fly out, F2 (Popup, 2LF)
Batting: LHB Foster Clark 0-0: Ball
1-0: Ball
2-0: Fly out, F8 (Flyball, 8RM)
Bottom of the 1st over - 1 run(s), 2 hit(s), 1 error(s), 1 left on base; Fort Worth HS 0 - H.H. Dow HS 1
TOP OF THE 2ND
Fort Worth HS Turkeys batting - Pitching for H.H. Dow HS Chargers : RHP Steve Childers
Batting: RHB Bill Ménard 0-0: Reached on error, E6 (Groundball, 6)
Batting: LHB Ugo Béland 0-0: Ball
1-0: Ball
2-0: Called Strike
2-1: SINGLE (Popup, 56D)
Bill Ménard to second
Batting: RHB Mal Roberson 0-0: Ball
1-0: Ball
2-0: Ball
3-0: Base on Balls
Bill Ménard to third
Ugo Béland to second
Batting: RHB Denny Dennis 0-0: Fly out, F7 (Flyball, 7LM)
Runner from 3rd tags up, SCORES, throw made
Batting: RHB Eric Clay 0-0: Called Strike
0-1: Ball
1-1: SINGLE (Line Drive, 4D)
Ugo Béland to third
Mal Roberson to second
Runner from 3rd tries for Home, SAFE, throw made at trailing runner, OUT at third!
Batting: LHB Fernando García 0-0: Called Strike
Eric Clay is caught stealing 2nd base
Top of the 2nd over - 2 run(s), 2 hit(s), 1 error(s), 0 left on base; Fort Worth HS 2 - H.H. Dow HS 1
BOTTOM OF THE 2ND
H.H. Dow HS Chargers batting - Pitching for Fort Worth HS Turkeys : RHP Hubert Chilcott
Batting: LHB Bob Coztana 0-0: Ball
1-0: Foul Ball, location: 2F
1-1: Foul Ball, location: 2F
1-2: Ground out U3 (Groundball, 3)
Batting: RHB Keith Olson 0-0: Foul Ball, location: 2F
0-1: Ball
1-1: Foul Ball, location: 2F
1-2: Strikes out swinging
Batting: RHB Greg Scott 0-0: Ball
1-0: Called Strike
1-1: Swinging Strike
1-2: Strikes out swinging
Bottom of the 2nd over - 0 run(s), 0 hit(s), 0 error(s), 0 left on base; Fort Worth HS 2 - H.H. Dow HS 1
TOP OF THE 3RD
Fort Worth HS Turkeys batting - Pitching for H.H. Dow HS Chargers : RHP Steve Childers
Batting: LHB Fernando García 0-0: Foul Ball, location: 2F
0-1: Ground out U3 (Groundball, 3L)
Batting: LHB Will O'Dell 0-0: Foul Ball, location: 2F
0-1: Called Strike
0-2: Ball
1-2: Strikes out swinging
Batting: RHB Jon Hartley 0-0: Ball
1-0: Called Strike
1-1: Ball
2-1: Called Strike
2-2: Strikes out swinging
Top of the 3rd over - 0 run(s), 0 hit(s), 0 error(s), 0 left on base; Fort Worth HS 2 - H.H. Dow HS 1
BOTTOM OF THE 3RD
H.H. Dow HS Chargers batting - Pitching for Fort Worth HS Turkeys : RHP Hubert Chilcott
Batting: RHB Michael Ray 0-0: Swinging Strike
0-1: Bunt missed!
0-2: Ball
1-2: DOUBLE (Line Drive, 9LM)
Batting: RHB Mario Ramírez 0-0: Ball
1-0: Fly out, F8 (Flyball, 8LM)
Batting: LHB Steven Gregory 0-0: Swinging Strike
0-1: Ball
1-1: Swinging Strike
1-2: Strikes out swinging
Batting: LHB T.J. Richardson 0-0: Ball
1-0: Ball
2-0: Called Strike
2-1: Swinging Strike
2-2: Ball
3-2: Fly out, F8 (Flyball, 8LM)
Bottom of the 3rd over - 0 run(s), 1 hit(s), 0 error(s), 1 left on base; Fort Worth HS 2 - H.H. Dow HS 1
TOP OF THE 4TH
Fort Worth HS Turkeys batting - Pitching for H.H. Dow HS Chargers : RHP Steve Childers
Batting: LHB Johnny Foley 0-0: Ball
1-0: Fly out, F8 (Flyball, 8LS)
Batting: RHB Bill Ménard 0-0: Ball
1-0: Foul Ball, location: 2F
1-1: Fly out, F8 (Flyball, 8RD)
Batting: LHB Ugo Béland 0-0: Ball
1-0: Foul Ball, location: 2F
1-1: Fly out, F8 (Flyball, 8LM)
Top of the 4th over - 0 run(s), 0 hit(s), 0 error(s), 0 left on base; Fort Worth HS 2 - H.H. Dow HS 1
BOTTOM OF THE 4TH
H.H. Dow HS Chargers batting - Pitching for Fort Worth HS Turkeys : RHP Hubert Chilcott
Batting: RHB Joe Wiggs 0-0: Swinging Strike
0-1: Ball
1-1: Foul Ball, location: 2F
1-2: Fly out, F3 (Popup, 3S)
Batting: LHB Foster Clark 0-0: Called Strike
0-1: Ball
1-1: Called Strike
1-2: Ground out 4-3 (Groundball, 4)
Batting: LHB Bob Coztana 0-0: Ball
1-0: Ground out 1-3 (Groundball, 13)
Bottom of the 4th over - 0 run(s), 0 hit(s), 0 error(s), 0 left on base; Fort Worth HS 2 - H.H. Dow HS 1
TOP OF THE 5TH
Fort Worth HS Turkeys batting - Pitching for H.H. Dow HS Chargers : RHP Steve Childers
Batting: RHB Mal Roberson 0-0: Called Strike
0-1: Ball
1-1: Swinging Strike
1-2: Strikes out swinging
Batting: RHB Denny Dennis 0-0: SOLO HOME RUN (Line Drive, 8LXD), Distance : 435 ft
Batting: RHB Eric Clay 0-0: Foul Ball, location: 2F
0-1: Ball
1-1: SINGLE (Groundball, 56)
Batting: LHB Fernando García 0-0: Ball
1-0: Foul Ball, location: 2F
1-1: Bunted foul
1-2: Foul Ball, location: 2F
1-2: Foul Ball, location: 2F
1-2: Foul Ball, location: 2F
1-2: Ball
2-2: Strikes out swinging
Batting: LHB Will O'Dell 0-0: Called Strike
0-1: Ball
1-1: Called Strike
1-2: Strikes out swinging
Top of the 5th over - 1 run(s), 2 hit(s), 0 error(s), 1 left on base; Fort Worth HS 3 - H.H. Dow HS 1
BOTTOM OF THE 5TH
H.H. Dow HS Chargers batting - Pitching for Fort Worth HS Turkeys : RHP Hubert Chilcott
Batting: RHB Keith Olson 0-0: Ground out 5-3 (Groundball, 6)
Batting: RHB Greg Scott 0-0: Hit by Pitch
Batting: RHB Michael Ray 0-0: Called Strike
Greg Scott steals 2nd base
0-1: Ball
1-1: Ball
2-1: SINGLE (Line Drive, 78M)
Greg Scott to third
Runner from 3rd tries for Home, SAFE, throw made home
Batting: RHB Mario Ramírez 0-0: Ball
1-0: Ball
2-0: Called Strike
2-1: Ball
3-1: DOUBLE (Flyball, 7M)
Michael Ray to third
Runner from 3rd tries for Home, throw and OUT!
Mario Ramírez to third
Batting: LHB Steven Gregory 0-0: Swinging Strike
0-1: Swinging Strike
0-2: Hit by Pitch
Batting: LHB T.J. Richardson 0-0: SINGLE (Groundball, 4)
Mario Ramírez scores
Steven Gregory to second
Runner from 2nd tries for 3rd, SAFE, no throw or cutoff
Batting: RHB Joe Wiggs 0-0: Ball
1-0: Ball
2-0: Ball
3-0: Base on Balls
T.J. Richardson to second
Pitching: LHP Ed Dixon
Batting: LHB Foster Clark 0-0: Ball
1-0: SINGLE (Line Drive, 56)
Steven Gregory scores
T.J. Richardson to third
Joe Wiggs to second
Batting: LHB Bob Coztana 0-0: Ball
1-0: Ball
2-0: Ball
3-0: Base on Balls
T.J. Richardson scores
Joe Wiggs to third
Foster Clark to second
Batting: RHB Keith Olson 0-0: Ball
1-0: Ball
2-0: Foul Ball, location: 2F
2-1: Swinging Strike
2-2: Foul Ball, location: 2F
2-2: Ball
3-2: Foul Ball, location: 2F
3-2: Base on Balls
Joe Wiggs scores
Foster Clark to third
Bob Coztana to second
Batting: RHB Greg Scott 0-0: Ball
1-0: Ball
2-0: Ball
3-0: Called Strike
3-1: Base on Balls
Foster Clark scores
Bob Coztana to third
Keith Olson to second
Batting: RHB Pat Turner 0-0: Ball
1-0: SINGLE (Groundball, 5)
Bob Coztana scores
Keith Olson to third
Greg Scott to second
Runner from 3rd tries for Home, SAFE, no throw or cutoff
Batting: RHB Mario Ramírez 0-0: Called Strike
0-1: Ball
1-1: Called Strike
1-2: Strikes out swinging
Bottom of the 5th over - 8 run(s), 5 hit(s), 0 error(s), 2 left on base; Fort Worth HS 3 - H.H. Dow HS 9
TOP OF THE 6TH
Fort Worth HS Turkeys batting - Pitching for H.H. Dow HS Chargers : RHP Steve Childers
Now at SS: Pat Turner
Batting: RHB Jon Hartley 0-0: Called Strike
0-1: Ball
1-1: Ball
2-1: SINGLE (Line Drive, 56D)
Batting: LHB Johnny Foley 0-0: Called Strike
0-1: Ball
Passed Ball!
Jon Hartley to second
1-1: Foul Ball, location: 2F
1-2: Strikes out swinging
Batting: RHB Bill Ménard 0-0: Ball
1-0: Ball
2-0: Swinging Strike
2-1: SINGLE (Line Drive, 8LS)
Jon Hartley to third
Runner from 3rd tries for Home, SAFE, no throw or cutoff
Pitching: RHP Nick Elkins
Batting: LHB Ugo Béland 0-0: Called Strike
0-1: Called Strike
0-2: Ball
1-2: Foul Ball, location: 2F
1-2: Fly out, F9 (Flyball, 89M)
Batting: RHB Mal Roberson 0-0: Ball
1-0: Called Strike
1-1: Swinging Strike
1-2: Strikes out looking
Top of the 6th over - 1 run(s), 2 hit(s), 0 error(s), 1 left on base; Fort Worth HS 4 - H.H. Dow HS 9
BOTTOM OF THE 6TH
H.H. Dow HS Chargers batting - Pitching for Fort Worth HS Turkeys : LHP Ed Dixon
Pitching: RHP Shawn Miller
Batting: LHB Steven Gregory 0-0: Ball
1-0: Called Strike
1-1: Called Strike
1-2: Strikes out swinging
Batting: LHB T.J. Richardson 0-0: Called Strike
0-1: Called Strike
0-2: Strikes out swinging
Batting: RHB Joe Wiggs 0-0: Ball
1-0: Ball
2-0: Ball
3-0: Called Strike
3-1: Called Strike
3-2: Base on Balls
Batting: LHB Foster Clark 0-0: Ball
1-0: Ball
2-0: Fielders Choice at 2nd, U4 (Groundball, 4M)
Bottom of the 6th over - 0 run(s), 0 hit(s), 0 error(s), 1 left on base; Fort Worth HS 4 - H.H. Dow HS 9
TOP OF THE 7TH
Fort Worth HS Turkeys batting - Pitching for H.H. Dow HS Chargers : RHP Nick Elkins
Batting: RHB Denny Dennis 0-0: Ball
1-0: Called Strike
1-1: Ball
2-1: Called Strike
2-2: Ball
3-2: Ground out 6-3 (Groundball, 6)
Batting: RHB Eric Clay 0-0: Fly out, F5 (Line Drive, 56)
Batting: LHB Fernando García 0-0: Ball
1-0: Ball
2-0: Ball
3-0: Base on Balls
Batting: LHB Will O'Dell 0-0: Ball
Fernando García steals 2nd base
1-0: Called Strike
1-1: Ball
2-1: SINGLE (Line Drive, 89M)
Fernando García to third
Runner from 3rd tries for Home, SAFE, no throw or cutoff
Batting: RHB Jon Hartley 0-0: Called Strike
0-1: Ball
1-1: Swinging Strike
1-2: Ball
2-2: Ball
3-2: Strikes out looking
Top of the 7th over - 1 run(s), 1 hit(s), 0 error(s), 1 left on base; Fort Worth HS 5 - H.H. Dow HS 9
BOTTOM OF THE 7TH
H.H. Dow HS Chargers batting - Pitching for Fort Worth HS Turkeys : RHP Shawn Miller
Batting: LHB Bob Coztana 0-0: Called Strike
0-1: Ball
1-1: Foul Ball, location: 2F
1-2: Strikes out swinging
Batting: RHB Keith Olson 0-0: Ball
1-0: Fly out, F6 (Popup, 56D)
Batting: RHB Greg Scott 0-0: Ground out 6-3 (Groundball, 56)
Bottom of the 7th over - 0 run(s), 0 hit(s), 0 error(s), 0 left on base; Fort Worth HS 5 - H.H. Dow HS 9
TOP OF THE 8TH
Fort Worth HS Turkeys batting - Pitching for H.H. Dow HS Chargers : RHP Nick Elkins
Batting: LHB Johnny Foley 0-0: Foul Ball, location: 2F
0-1: Ball
1-1: Ball
2-1: Ball
3-1: Base on Balls
Batting: RHB Bill Ménard 0-0: Grounds into double play, 1-6-3 (Groundball, 15)
Batting: LHB Ugo Béland 0-0: Called Strike
0-1: Ball
1-1: Foul Ball, location: 2F
1-2: Foul Ball, location: 2F
1-2: Foul Ball, location: 2F
1-2: DOUBLE (Line Drive, 9LS)
Batting: RHB Mal Roberson 0-0: Called Strike
0-1: Ball
1-1: Fly out, F9 (Popup, 34D)
Top of the 8th over - 0 run(s), 1 hit(s), 0 error(s), 1 left on base; Fort Worth HS 5 - H.H. Dow HS 9
BOTTOM OF THE 8TH
H.H. Dow HS Chargers batting - Pitching for Fort Worth HS Turkeys : RHP Shawn Miller
Pitching: LHP Gary Kernaghan
Batting: RHB Pat Turner 0-0: Called Strike
0-1: Ball
1-1: Foul Ball, location: 2F
1-2: Strikes out swinging
Batting: RHB Mario Ramírez 0-0: Called Strike
0-1: SOLO HOME RUN (Line Drive, 9D), Distance : 373 ft
Batting: LHB Steven Gregory 0-0: Called Strike
0-1: Ball
1-1: SINGLE (Groundball, 4MD)
Batting: LHB T.J. Richardson 0-0: Called Strike
0-1: Ball
1-1: Called Strike
1-2: Ball
2-2: Fielders Choice at 2nd, 6-4 (Groundball, 56)
Batting: RHB Joe Wiggs 0-0: Ball
1-0: Ball
2-0: Foul Ball, location: 2F
2-1: Foul Ball, location: 2F
2-2: Ball
3-2: Base on Balls
T.J. Richardson to second
Batting: LHB Foster Clark 0-0: Called Strike
0-1: Ball
1-1: Ball
2-1: Swinging Strike
2-2: Ball
3-2: SINGLE (Groundball, 4)
T.J. Richardson to third
Joe Wiggs to second
T.J. Richardson scores
Joe Wiggs to third
Pitching: RHP Michael Knight
Batting: LHB Bob Coztana 0-0: Swinging Strike
0-1: Ball
1-1: Ball
2-1: Called Strike
2-2: Ball
3-2: Base on Balls
Foster Clark to second
Batting: RHB Keith Olson 0-0: Called Strike
0-1: Called Strike
0-2: Ball
1-2: Strikes out looking
Bottom of the 8th over - 2 run(s), 3 hit(s), 0 error(s), 3 left on base; Fort Worth HS 5 - H.H. Dow HS 11
TOP OF THE 9TH
Fort Worth HS Turkeys batting - Pitching for H.H. Dow HS Chargers : RHP Nick Elkins
Batting: RHB Denny Dennis 0-0: Called Strike
0-1: Foul Ball, location: 2F
0-2: Ball
1-2: Ball
2-2: Ground out 4-3 (Groundball, 4M)
Batting: RHB Eric Clay 0-0: Ground out 4-3 (Groundball, 4M)
Batting: LHB Fernando García 0-0: Ball
1-0: Called Strike
1-1: Ball
2-1: Ball
3-1: SINGLE (Flyball, 6MD)
Batting: LHB Will O'Dell 0-0: Ball
1-0: Ball
2-0: Called Strike
2-1: Ground out U3 (Groundball, 3S)
Top of the 9th over - 0 run(s), 1 hit(s), 0 error(s), 1 left on base; Fort Worth HS 5 - H.H. Dow HS 11
Monday, December 5th, 2016 - OOTP Baseball 17.12 Build 75